Map: Heavy Artillery LE

Players

Massa

  • Race: Terran Terran
  • League: Platinum
  • Spawn Location: 7:00

qqq

  • Race: Zerg Zerg
  • League: Platinum
  • Spawn Location: 7:00

Harison

  • Race: Terran Terran
  • League: Diamond
  • Spawn Location: 1:00

whiteblue

  • Race: Protoss Protoss
  • League: Platinum
  • Spawn Location: 3:00

VOD

Have the link to the VOD?

Description

Time

  • Played on: Sept. 25, 2020, 12:14 p.m.
  • Length: 18:15
Show
View Real Time Build Order
Export as new Build Order

Massa Terran 

Build Orders: Reaper Expand 

Get SALT Encoding   

  12  0:00  SCV  
  13  0:12  SCV  
  14  0:24  SCV  
  14  0:25  Supply Depot  
  15  0:46  Refinery, SCV  
  15  0:48  Barracks  
  16  0:59  SCV  
  17  1:11  SCV  
  18  1:23  SCV  
  19  1:37  Orbital Command  
  19  1:39  Reaper  
  20  1:45  Command Center  
  20  2:10  Marine  
  20  2:11  Factory  
  21  2:17  Supply Depot  
  21  2:28  SCV  
  22  2:31  Barracks Reactor  
  22  2:40  SCV  
  23  2:47  Supply Depot  
  23  2:53  SCV  
  24  3:05  SCV  
  24  3:08  Orbital Command  
  24  3:15  Starport  
  24  3:18  Supply Depot  
  24  3:19  Hellion x2  
  28  3:24  SCV  
  29  3:34  SCV  
  29  3:36  SCV  
  29  3:38  Barracks Reactor  
  29  3:40  Barracks Tech Lab, Hellion  
  29  3:41  Hellion  
  35  3:46  SCV  
  36  3:49  Command Center  
  36  3:52  SCV  
  37  3:58  Medivac  
  37  3:59  SCV  
  37  4:02  Marauder  
  40  4:15  Hellion x2  
  42  4:24  SCV x2  
  42  4:25  Refinery  
  42  4:26  Refinery  
  44  4:32  Engineering Bay  
  44  4:36  SCV x2, Hellion  
  48  4:45  Hellion, Marauder  
  50  4:48  SCV x2  
  52  5:04  Missile Turret x2  
  52  5:07  Marauder  
  54  5:09  Orbital Command  
  54  5:12  Stimpack  
  54  5:17  Widow Mine x2  
  58  5:22  Starport Tech Lab  
  58  5:25  Missile Turret x2  
  58  5:27  SCV  
  58  5:28  SCV, Marauder  
  62  5:37  Barracks  
  62  5:40  SCV x2  
  64  5:46  Missile Turret  
  62  5:52  SCV  
  62  5:54  Marauder  
  61  6:06  Widow Mine x2  
  61  6:08  Banshee  
  68  6:15  Marauder  
  57  6:34  Widow Mine x2  
  57  6:36  Marauder  
  61  6:51  Barracks Reactor  
  61  6:52  Concussive Shells  
  61  6:55  Widow Mine  
  61  6:56  SCV x2  
  61  6:58  Marauder  
  67  7:05  Barracks  
  67  7:08  SCV x2  
  69  7:09  Barracks  
  69  7:10  Orbital Command  
  69  7:18  Barracks  
  69  7:19  Marauder  
  69  7:20  SCV x2  
  69  7:32  SCV  
  69  7:33  Banshee  
  67  7:38  Marine  
  67  7:40  Marauder  
  70  7:48  Marine  
  71  7:54  Barracks Reactor  
  71  7:55  Marine  
  71  7:56  Widow Mine x2  
  70  8:02  Marauder  
  72  8:06  Marine  
  73  8:13  Marine  
  73  8:16  Banshee  
  58  9:28  Supply Depot  
  58  9:29  Supply Depot  
  58  9:30  Supply Depot x2  
  55  9:31  Supply Depot  
  53  9:48  Supply Depot  
  53  9:49  Supply Depot  
  53  9:50  SCV x3, Marine x5, Supply Depot x2  
  53  9:51  Marine  
  53  9:52  Starport Tech Lab, Supply Depot x2  
  62  9:53  Supply Depot  
  62  10:02  SCV x3  
  62  10:04  Factory  
  62  10:06  Factory  
  65  10:08  Marine x5  
  65  10:09  Marine  
  65  10:10  Supply Depot  
  65  10:12  Supply Depot  
  65  10:13  Supply Depot  
  65  10:14  SCV x2, Terran Infantry Weapons Level 1  
  71  10:15  Supply Depot  
  71  10:18  Engineering Bay  
  73  10:25  Marine x2  
  73  10:26  Marine x2  
  73  10:27  Marine  
  73  10:28  Barracks Reactor  
  78  10:29  Banshee  
  78  10:33  Cloaking Field  
  81  10:43  Marine x4  
  81  10:45  Refinery, Missile Turret  
  85  11:01  Marine x4  
  89  11:05  Missile Turret  
  89  11:12  Refinery, Banshee, Command Center  
  91  11:19  Marine x4  
  91  11:25  Missile Turret  
  95  11:37  Marine  
  89  11:52  Marine  
  89  11:53  Marine x4  
  93  11:55  Banshee, Marine  
  94  12:18  Barracks Tech Lab  
  85  12:38  Combat Shield  
  85  12:46  Factory Tech Lab x2, Supply Depot  
  85  12:47  Supply Depot  
  85  12:48  Supply Depot  
  85  12:50  Supply Depot  
  85  12:51  Supply Depot  
  85  12:59  Terran Infantry Armor Level 1  
  85  13:02  Armory  
  85  13:07  Marine x6  
  85  13:08  Banshee, Marauder  
  96  13:13  Orbital Command  
  96  13:25  Marine x6  
  102  13:29  Marauder  
  104  13:43  Marine x6  
  104  13:44  Command Center  
  110  13:50  Marauder  
  110  13:51  Widow Mine x2, Banshee  
  110  13:54  Command Center  
  119  14:00  Marine x5  
  124  14:06  Marine  
  125  14:14  Supply Depot x2  
  125  14:15  Supply Depot  
  125  14:17  Supply Depot  
  125  14:18  Supply Depot x2  
  125  14:19  Missile Turret x2  
  125  14:35  Marine x4  
  125  14:36  Widow Mine x2, Marauder, Marine x2  
  137  14:38  Supply Depot  
  137  14:39  Missile Turret  
  137  14:42  Missile Turret  
  108  14:53  Marine x4  
  108  14:54  Marine  
  108  14:57  Widow Mine, Marauder  
  108  14:58  Widow Mine  
  103  15:05  Marine  
  90  15:11  Marine x5  
  90  15:14  Barracks  
  95  15:15  Barracks  
  95  15:16  Refinery  
  95  15:17  Refinery, Barracks  
  95  15:18  Marauder  
  95  15:21  Planetary Fortress  
  97  15:23  Marine  
  97  15:24  Missile Turret  
  98  15:29  Marine x5  
  103  15:40  Marauder  
  103  15:41  Marine  
  103  15:44  Missile Turret  
  103  15:46  Marine x4  
  103  15:47  Marine  
  104  15:59  Marine  
  104  16:01  Marauder  
  107  16:04  Marine x4  
  107  16:05  Marine  
  107  16:06  Missile Turret  
  105  16:20  Widow Mine  
  105  16:21  Widow Mine  
  105  16:23  Marauder  
  111  16:27  Banshee, Missile Turret  
  97  16:42  Widow Mine x2  
  97  16:44  Marauder  
  91  16:52  Smart Servos  
  91  16:55  Drilling Claws  
  91  17:01  Starport  
  91  17:05  Refinery, SCV x2  
  91  17:06  SCV  
  94  17:09  Banshee  
  97  17:17  SCV  
  97  17:18  SCV x2  
  95  17:31  Marauder, Marine  
  95  17:32  Marine x5  
  80  17:49  Marine  
  80  17:50  Marine x5  
Show
View Real Time Build Order
Export as new Build Order

qqq Zerg 

Build Orders: Hatch First, Lurkers 

Get SALT Encoding   

  12  0:03  Drone  
  13  0:08  Drone  
  14  0:35  Hatchery  
  13  0:38  Drone  
  14  0:56  Spawning Pool  
  13  1:11  Drone, Overlord  
  13  1:14  Extractor  
  13  1:15  Drone  
  14  1:37  Drone  
  14  1:38  Drone  
  16  1:44  Drone  
  16  1:45  Queen  
  19  1:48  Drone  
  20  2:03  Drone  
  20  2:06  Overlord  
  21  2:22  Drone x2  
  23  2:23  Drone x2  
  23  2:28  Extractor  
  24  2:35  Queen  
  24  2:36  Drone  
  27  2:38  Drone  
  27  2:41  Metabolic Boost  
  28  2:45  Zergling x2  
  29  2:51  Zergling x2  
  29  2:53  Drone x2  
  32  3:00  Zergling x2  
  32  3:02  Drone  
  32  3:04  Zergling x2  
  32  3:05  Zergling x2  
  36  3:08  Overlord  
  36  3:30  Zergling x2, Overlord  
  36  3:31  Drone x2  
  39  3:38  Zergling x2  
  40  3:43  Drone, Hatchery  
  40  3:59  Zergling x4  
  40  4:00  Drone x2  
  43  4:15  Overlord x3  
  43  4:16  Overlord x2  
  43  4:26  Lair  
  43  4:44  Zergling x6  
  43  4:45  Drone x6  
  51  4:46  Roach Warren  
  51  4:54  Drone x2, Zergling x2  
  51  4:55  Drone  
  51  4:59  Evolution Chamber  
  54  5:06  Drone  
  55  5:09  Drone, Queen  
  58  5:25  Drone, Zergling x4  
  58  5:26  Zergling x2  
  62  5:28  Zerg Ground Armor Level 1  
  62  5:29  Glial Reconstitution  
  62  5:31  Drone x6  
  68  5:37  Extractor  
  68  5:38  Drone  
  68  5:39  Drone  
  69  5:45  Queen, Roach  
  69  5:46  Roach  
  69  5:47  Hatchery  
  74  6:03  Roach x3  
  74  6:04  Roach x5  
  79  6:36  Roach x3  
  79  6:37  Overlord x3  
  79  6:38  Overlord x2  
  82  6:50  Roach x2  
  82  6:52  Drone x3  
  89  6:57  Extractor  
  88  7:07  Roach x2  
  91  7:08  Drone  
  91  7:14  Extractor  
  91  7:23  Extractor  
  91  7:24  Extractor  
  73  7:48  Roach x4  
  73  7:49  Drone  
  73  7:50  Drone x2  
  74  7:52  Drone x3  
  74  7:53  Queen  
  79  8:01  Drone  
  79  8:02  Drone x2  
  82  8:17  Hydralisk Den  
  81  8:25  Roach x4  
  81  8:26  Zergling x4  
  81  8:27  Zergling x12  
  85  8:28  Drone x5  
  85  8:29  Drone x3  
  97  8:40  Roach x3  
  97  8:41  Roach x2  
  99  8:49  Zergling x4  
  99  8:50  Zergling x4  
  93  9:14  Roach x4  
  97  9:20  Zergling x2  
  97  9:21  Zergling x6  
  97  9:22  Roach x5  
  100  9:31  Zergling x2, Roach  
  100  9:32  Zergling x4  
  103  9:38  Drone  
  103  9:49  Hydralisk x2, Zergling x2, Roach  
  110  9:54  Hatchery  
  110  9:57  Zerg Melee Weapons Level 1  
  110  9:58  Muscular Augments  
  110  9:59  Lurker Den  
  108  10:05  Hydralisk  
  108  10:06  Drone x3, Infestation Pit  
  108  10:07  Drone x4  
  116  10:21  Spore Crawler  
  116  10:22  Spore Crawler  
  116  10:23  Spore Crawler  
  116  10:24  Spore Crawler, Roach  
  116  10:25  Zergling x4  
  116  10:27  Drone  
  117  10:35  Drone  
  118  10:36  Hydralisk x2  
  118  10:37  Roach  
  118  10:38  Zergling x4, Roach x2  
  130  10:45  Drone  
  130  10:46  Overlord x2  
  130  10:47  Overlord x2  
  130  10:48  Overlord x2  
  131  10:51  Hive  
  131  10:59  Hatchery  
  131  11:00  Spine Crawler  
  131  11:02  Spine Crawler  
  128  11:04  Hatchery  
  128  11:07  Drone  
  128  11:08  Queen  
  128  11:10  Grooved Spines  
  129  11:11  Hatchery  
  129  11:14  Drone x3  
  129  11:16  Hydralisk x5, Roach x2  
  129  11:17  Zergling x4  
  129  11:18  Zergling x10  
  152  11:24  Overseer  
  152  11:25  Pneumatized Carapace  
  109  11:58  Roach  
  109  11:59  Zergling x8, Roach x3  
  109  12:00  Zergling x8  
  109  12:01  Drone x3, Zergling x2  
  113  12:02  Zergling x4, Roach x3  
  118  12:11  Roach x7  
  118  12:12  Roach  
  118  12:14  Drone x2  
  136  12:19  Roach  
  136  12:20  Roach  
  136  12:21  Drone x3  
  143  12:23  Hydralisk x2  
  143  12:27  Lurker x5  
  143  12:29  Zergling x4  
  154  12:30  Drone x3  
  151  12:41  Drone x3  
  152  12:47  Spine Crawler  
  152  12:48  Spine Crawler  
  150  12:54  Spine Crawler  
  150  12:56  Extractor x2  
  126  13:38  Lurker x2  
  126  13:39  Hydralisk x3  
  126  13:40  Roach x4  
  126  13:41  Zergling x6, Roach x6  
  151  13:42  Zergling x6  
  151  13:43  Drone x7  
  151  13:47  Zerg Melee Weapons Level 2  
  164  13:48  Ultralisk Cavern  
  128  14:28  Viper x3  
  124  14:31  Roach x2  
  124  14:32  Hydralisk x4, Roach x3  
  124  14:34  Drone x4  
  124  14:35  Zergling x6  
  124  14:36  Roach x2  
  137  14:41  Spine Crawler  
  137  14:42  Spine Crawler, Overlord  
  137  14:43  Roach  
  137  14:44  Roach  
  129  14:55  Queen  
  129  14:56  Drone  
  129  14:57  Drone  
  129  14:59  Spine Crawler  
  131  15:05  Lurker x4  
  135  15:08  Drone x3  
  135  15:09  Drone x4  
  132  15:32  Ultralisk x2  
  132  15:33  Ultralisk  
  137  15:37  Viper  
  137  15:42  Zergling x14  
  140  15:43  Zergling x2  
  140  15:44  Drone x4  
  140  15:45  Drone x3  
  144  15:54  Roach x4  
  143  16:24  Hatchery, Viper x2  
  148  16:26  Roach x6  
  148  16:28  Drone, Roach  
  148  16:29  Drone x4  
  153  16:49  Chitinous Plating  
  153  16:55  Zergling x2  
  153  16:56  Zergling x14  
  153  16:57  Zergling x14  
  153  16:58  Zergling x6  
  171  17:17  Hatchery  
  171  17:18  Hatchery, Roach  
  171  17:19  Overlord x6  
  171  17:20  Overlord x2  
  171  17:26  Extractor x2, Hatchery  
  171  17:27  Spine Crawler  
  171  17:28  Drone x3, Spine Crawler x2  
  168  17:34  Viper  
Show
View Real Time Build Order
Export as new Build Order

Harison Terran 

Build Orders: 2 Factory, Mech 

Get SALT Encoding   

  12  0:00  SCV  
  13  0:12  SCV  
  14  0:18  Supply Depot  
  14  0:24  SCV  
  15  0:39  SCV  
  16  0:44  Barracks  
  16  0:46  Refinery  
  16  0:51  SCV  
  17  1:04  SCV  
  18  1:14  Supply Depot  
  18  1:16  SCV  
  19  1:28  SCV  
  19  1:31  Barracks Reactor  
  20  1:40  Orbital Command  
  20  2:04  Command Center  
  20  2:08  SCV  
  21  2:09  Marine  
  21  2:10  Marine  
  23  2:17  Factory  
  23  2:20  SCV  
  24  2:27  Marine x2  
  26  2:32  SCV  
  27  2:43  Supply Depot  
  27  2:44  SCV  
  27  2:45  Marine x2  
  29  2:56  SCV  
  30  3:03  Marine  
  30  3:04  Marine  
  32  3:24  Factory  
  32  3:31  SCV  
  33  3:39  Hellion  
  33  3:40  Hellion  
  37  3:43  SCV  
  37  3:45  Factory  
  37  3:46  Refinery  
  39  3:49  Orbital Command  
  39  3:54  Marine  
  39  3:55  SCV  
  40  4:07  SCV, Hellion  
  40  4:08  Hellion  
  40  4:10  Factory Tech Lab  
  40  4:12  Marine  
  38  4:28  Supply Depot  
  38  4:29  Hellion x2, Siege Tank  
  38  4:30  Marine  
  45  4:43  SCV  
  46  4:46  Factory Tech Lab  
  46  4:48  Marine  
  46  4:49  SCV  
  48  4:55  SCV  
  48  4:56  Refinery  
  49  5:00  Engineering Bay  
  49  5:01  Refinery, SCV  
  49  5:06  Marine, Siege Tank  
  54  5:08  SCV  
  54  5:13  SCV  
  56  5:20  SCV, Supply Depot  
  57  5:25  SCV  
  58  5:31  Siege Tank  
  58  5:32  SCV  
  62  5:40  Armory  
  62  5:42  SCV, Hellion x2  
  67  5:44  SCV, Supply Depot  
  68  5:54  SCV  
  68  5:56  SCV  
  70  6:06  SCV  
  70  6:08  SCV  
  70  6:09  Siege Tank x2  
  71  6:42  SCV x2  
  71  6:43  Siege Tank  
  76  6:50  Supply Depot  
  76  6:51  Supply Depot  
  76  6:54  Infernal Pre-Igniter  
  76  6:55  Mag-Field Accelerator  
  76  7:07  Supply Depot  
  76  7:11  Siege Tank  
  76  7:15  Cyclone  
  82  7:20  SCV x2  
  84  7:23  Terran Vehicle Weapons Level 1  
  84  7:29  Supply Depot  
  76  7:32  SCV x2  
  77  7:43  Siege Tank  
  80  7:44  SCV  
  80  7:47  Siege Tank  
  84  7:55  Hellion x2  
  84  8:15  Siege Tank  
  84  8:17  Hellion  
  84  8:18  Command Center  
  84  8:19  Cyclone  
  92  8:48  Cyclone  
  86  8:52  Cyclone  
  71  9:20  Siege Tank  
  71  9:24  Starport, Siege Tank  
  74  9:25  Starport  
  68  9:39  SCV x3  
  68  9:43  Missile Turret  
  68  9:45  Missile Turret x3  
  71  9:46  Missile Turret  
  71  9:47  Hellion x2  
  71  9:48  Marine  
  71  9:49  Terran Vehicle Weapons Level 2  
  71  9:51  SCV x3  
  71  9:52  Siege Tank  
  82  9:55  Missile Turret  
  82  9:56  Siege Tank  
  82  9:57  Missile Turret  
  85  10:00  Missile Turret  
  85  10:01  Missile Turret x2  
  85  10:03  SCV  
  86  10:08  Hellion, Factory  
  86  10:09  Hellion  
  86  10:10  Factory  
  90  10:15  SCV x2  
  90  10:17  SCV  
  93  10:24  Refinery, Hellion  
  93  10:26  Armory  
  93  10:27  Refinery, SCV  
  93  10:28  SCV, Cyclone  
  100  10:34  Supply Depot  
  101  10:36  Planetary Fortress, Supply Depot x2  
  101  10:38  Supply Depot  
  101  10:39  SCV  
  101  10:40  SCV  
  102  10:55  Smart Servos  
  102  10:59  Starport Reactor x2  
  102  11:11  Siege Tank x2  
  102  11:12  Hellion  
  102  11:13  Hellion  
  106  11:34  Hellion x2  
  106  11:38  Factory Tech Lab x2  
  110  11:43  Hellion, Thor  
  101  12:04  Thor  
  105  12:13  Thor x2  
  117  12:26  Cyclone  
  120  12:31  Hellion x2  
  120  12:33  Terran Vehicle Weapons Level 3  
  120  12:34  Command Center  
  120  12:35  Terran Vehicle And Ship Armor Level 1  
  124  12:47  Hellion  
  126  12:52  Hellion  
  126  12:54  Missile Turret  
  126  12:56  Cyclone x2, Missile Turret  
  126  12:58  Refinery, Cyclone  
  137  12:59  Missile Turret  
  137  13:01  Missile Turret  
  137  13:02  Refinery  
  120  13:29  Cyclone x2  
  120  13:30  Cyclone x2  
  126  13:49  Liberator  
  129  14:01  Cyclone  
  129  14:02  Cyclone, Siege Tank  
  128  14:29  Terran Ship Weapons Level 1  
  128  14:32  Planetary Fortress  
  122  14:41  Hi-Sec Auto Tracking  
  95  15:05  Siege Tank x2  
  95  15:06  Siege Tank x2  
  104  15:18  Viking x4  
  104  15:30  Refinery  
  87  15:37  Siege Tank  
  90  15:48  Viking x3  
  96  15:56  Cyclone x3  
  105  16:06  Marine  
  105  16:07  Hellion  
  105  16:08  Hellion  
  105  16:09  Cyclone  
  113  16:13  SCV x4  
  117  16:25  SCV x4  
  118  16:28  Cyclone x2, Hellion, Siege Tank  
  118  16:29  Hellion  
  134  16:37  SCV x2  
  134  16:38  SCV x2  
  138  16:42  Hellion  
  140  16:49  SCV  
  140  16:50  SCV x3, Hellion x2  
  148  16:57  Missile Turret  
  148  16:59  Supply Depot  
  148  17:00  Hellion, Supply Depot x2  
  148  17:01  SCV, Hellion x2  
  154  17:02  SCV, Supply Depot  
  156  17:21  SCV, Hellion x3  
  156  17:22  Hellion x3  
  169  17:43  Hellion x2  
Show
View Real Time Build Order
Export as new Build Order

whiteblue Protoss 

Build Orders:  

Get SALT Encoding   

  12  0:00  Probe  
  13  0:12  Probe  
  14  0:19  Pylon  
  14  0:25  Probe  
  15  0:37  Probe (Chrono Boost)  
  15  0:41  Gateway  
  16  0:49  Probe (Chrono Boost)  
  17  0:52  Assimilator  
  17  0:57  Probe (Chrono Boost)  
  17  1:02  Pylon  
  17  1:03  Probe  
  18  1:11  Assimilator  
  19  1:16  Probe  
  20  1:28  Probe, Cybernetics Core  
  21  1:40  Probe  
  22  1:58  Nexus  
  22  2:01  Probe  
  23  2:04  Warp Gate (Chrono Boost)  
  23  2:11  Stalker (Chrono Boost)  
  25  2:25  Probe  
  26  2:31  Gateway  
  26  2:36  Gateway  
  26  2:41  Stalker  
  28  3:02  Probe  
  28  3:05  Pylon  
  29  3:14  Probe  
  31  3:27  Probe (Chrono Boost)  
  31  3:31  Probe (Chrono Boost)  
  32  3:37  Probe (Chrono Boost), Forge  
  32  3:40  Probe (Chrono Boost)  
  34  3:42  Probe (Chrono Boost)  
  35  3:51  Pylon  
  35  3:53  Probe  
  36  3:58  Stalker x3  
  42  4:06  Probe  
  39  4:18  Probe  
  40  4:27  Photon Cannon  
  40  4:28  Stalker x2  
  40  4:29  Stalker  
  40  4:30  Probe  
  47  4:46  Probe  
  47  4:52  Protoss Ground Weapons Level 1  
  48  4:54  Probe  
  48  4:57  Twilight Council, Assimilator  
  48  4:58  Probe  
  50  5:02  Pylon, Assimilator  
  50  5:05  Stalker  
  50  5:06  Probe, Stalker  
  55  5:10  Probe  
  56  5:18  Probe  
  56  5:21  Pylon  
  57  5:22  Probe  
  57  5:26  Photon Cannon  
  58  5:29  Charge (Chrono Boost)  
  58  5:31  Probe  
  58  5:33  Zealot x3  
  65  5:41  Photon Cannon  
  65  6:05  Zealot x3  
  71  6:12  Gateway x2  
  69  6:19  Gateway  
  55  6:42  Nexus  
  55  6:45  Zealot x3  
  61  6:51  Pylon  
  61  6:56  Pylon  
  61  7:08  Blink  
  61  7:12  Protoss Ground Weapons Level 2, Dark Shrine  
  61  7:15  Forge  
  61  7:17  Probe, Pylon  
  62  7:23  Zealot x5  
  62  7:29  Probe  
  73  7:41  Probe, Stalker  
  72  7:44  Stalker  
  72  7:45  Stalker x3  
  78  7:53  Probe  
  78  7:55  Probe, Photon Cannon  
  72  8:07  Probe  
  57  8:54  Stalker  
  57  8:55  Stalker x5  
  61  9:32  Stalker x3  
  61  9:33  Stalker x3  
  61  9:35  Probe  
  61  9:38  Photon Cannon  
  74  9:40  Pylon  
  74  9:41  Assimilator  
  74  9:42  Assimilator  
  74  9:47  Probe  
  74  9:48  Protoss Ground Weapons Level 3 (Chrono Boost)  
  74  9:49  Protoss Shields Level 1 (Chrono Boost)  
  75  9:54  Gateway  
  75  9:55  Nexus  
  75  9:57  Gateway  
  75  9:58  Gateway  
  75  9:59  Probe, Pylon  
  76  10:02  Stalker x2  
  76  10:03  Zealot x3, Stalker  
  88  10:12  Probe  
  89  10:24  Probe  
  89  10:26  Photon Cannon  
  90  10:33  Stalker  
  90  10:34  Stalker  
  90  10:35  Pylon, Dark Templar x4  
  102  10:43  Pylon  
  102  10:56  Photon Cannon  
  102  10:59  Zealot x5  
  102  12:51  Stalker x4  
  108  12:52  Dark Templar x3, Stalker  
  108  12:53  Dark Templar  
  108  12:56  Probe (Chrono Boost)  
  122  12:59  Probe (Chrono Boost)  
  122  13:00  Pylon  
  123  13:05  Probe (Chrono Boost)  
  123  13:09  Probe (Chrono Boost)  
  123  13:10  Probe (Chrono Boost)  
  125  13:22  Probe  
  126  13:31  Robotics Facility  
  126  13:34  Probe, Robotics Facility  
  126  13:38  Pylon  
  126  13:41  Stalker x5  
  133  13:42  Photon Cannon, Stalker x3  
  133  13:43  Stalker  
  145  13:57  Photon Cannon  
  145  13:58  Photon Cannon  
  145  14:02  Photon Cannon  
  145  14:07  Stalker x4  
  145  14:08  Dark Templar x3  
  145  14:09  Dark Templar x2  
  159  14:34  Archon x3  
  159  14:36  Archon  
  159  14:38  Archon  
  159  14:41  Observer x2  
  159  14:43  Stalker x5  
  171  14:57  Zealot x2  
  171  14:58  Zealot x2  
  165  15:02  Observer x2  
  167  15:12  Stalker x2  
  171  15:22  Pylon  
  171  15:32  Pylon x2  
  171  15:35  Pylon  
  169  15:37  Stalker  
  169  15:55  Zealot x5  
  169  15:56  Zealot x3  
  103  16:49  Immortal x2 (Chrono Boost)  
  103  16:50  Zealot x4  
  117  16:57  Probe (Chrono Boost)  
  117  16:58  Probe (Chrono Boost)  
  119  17:06  Probe (Chrono Boost)  
  121  17:09  Probe (Chrono Boost)  
  121  17:11  Probe (Chrono Boost)  
  122  17:18  Probe, Immortal (Chrono Boost)  
  122  17:19  Immortal (Chrono Boost)  
  122  17:20  Zealot x5  
  122  17:21  Zealot x3  
  122  17:22  Zealot  
  149  17:23  Probe  
  150  17:35  Probe  
Tags
 
Add a new tag
Caveats
  • Supply blocks, unpowered buildings, or Contaminate may cause inaccurate times.
  • Supply counts are checked every 10 seconds.